 Seeded DCSS version 0.29-a0-1009-g60c99734e7 (webtiles) character file.

Game seed: 1 (custom seed)

122 Kazon the Trooper (level 5, -6/47 HPs)
             Began as a Hill Orc Fighter on Aug 8, 2022.
             Mangled by a gnoll
             ... wielding a +0 halberd
              (9 damage)
             ... on level 3 of the Dungeon.
             The game lasted 00:04:46 (1121 turns).

Kazon the Trooper (Hill Orc Fighter)                Turns: 1121, Time: 00:04:47

Health: -6/47      AC: 11    Str: 21    XL:     5   Next: 6%
Magic:  5/5        EV:  5    Int:  8    God:
Gold:   65         SH:  4    Dex: 10    Spells: 4/4 levels left

rFire   . . .      SeeInvis .   h - +1 flail (vorpal)
rCold   . . .      Faith    .   c - +0 buckler
rNeg    . . .      Spirit   .   i - +0 plate armour
rPois   .          Reflect  .   (no helmet)
rElec   .          Harm     .   (no cloak)
rCorr   .          Rampage  .   (no gloves)
Will    .....                   (no boots)
Stlth   ..........              (no amulet)
HPRegen 0.15/turn               (no ring)
MPRegen 0.09/turn               (no ring)

@: no status effects
A: no striking features
a: no special abilities


You were on level 3 of the Dungeon.
You visited 1 branch of the dungeon, and saw 3 of its levels.

You collected 65 gold pieces.

Inventory:

Hand Weapons
 h - a +1 vorpal flail (weapon)
Missiles
 m - 2 stones (quivered)
 o - 3 boomerangs
 q - a poisoned dart
Armour
 c - a +0 buckler (worn)
 i - a +0 plate armour (worn)
Jewellery
 g - a ring of ice
Scrolls
 a - a scroll of torment {unknown}
 f - 2 scrolls of identify {unknown}
 k - a scroll of magic mapping {unknown}
 l - a scroll of blinking {unknown}
 p - a scroll of enchant weapon {unknown}
Potions
 b - a potion of heal wounds {unknown}
 d - 2 potions of might
 e - a potion of mutation {unknown}
 j - 5 potions of curing {unknown}
 n - a potion of berserk rage {unknown}
 r - a potion of brilliance {unknown}


   Skills:
 + Level 4.4 Fighting
 + Level 3.8 Maces & Flails
 + Level 4.3 Armour
 + Level 0.1 Dodging
 + Level 3.6 Shields


You had 4 spell levels left.
You didn't know any spells.
Your spell library contained the following spells:

 Spells                   Type           Power      Damage    Failure   Level
 Apportation              Tloc           0%         N/A       100%        1
 Necrotise                Necr           0%         1d4       100%        1
 Summon Small Mammal      Summ           0%         N/A       100%        1


Dungeon Overview and Level Annotations

Branches:
Dungeon (3/15)

Altars:


Message History

The gnoll hits you but does no damage.
You barely miss the gnoll.
A gnoll comes into view. It is wielding a +0 halberd.
The gnoll hits you but does no damage.
The gnoll shouts!
You sock the gnoll!
You kill the gnoll!
You hit the hobgoblin.
You kill the hobgoblin!
You closely miss the gnoll. The gnoll hits you but does no damage.
You block the gnoll's attack. The gnoll hits you but does no damage.
You barely miss the gnoll.
The gnoll hits you from afar with a +0 halberd!
The gnoll hits you but does no damage.
You sock the gnoll!
The gnoll is severely wounded.
The gnoll hits you with a +0 club.
The gnoll hits you from afar with a +0 halberd!
You barely miss the gnoll.
The gnoll is severely wounded.
The gnoll hits you from afar with a +0 halberd.
* * * LOW HITPOINT WARNING * * *
You block the gnoll's attack.
You sock the gnoll!
You kill the gnoll!
The gnoll hits you from afar with a +0 halberd.
* * * LOW HITPOINT WARNING * * *
The gnoll hits you but does no damage.
You have reached level 5!
You feel stronger. The gnoll barely misses you.
Items here: $ ))))))) ? ††††††.
You hit the gnoll.
The gnoll is moderately wounded.
The gnoll hits you with a +0 halberd.
* * * LOW HITPOINT WARNING * * *
You barely miss the gnoll.
The gnoll is moderately wounded.
The gnoll hits you with a +0 halberd!
You die...

.# .# #g .# #. #######
#.## #. ......##...###.
#. #............
####.######......>.###.
..#........##....†.......
..........g@........####.
.#........##....<#.#
#.....#####............
#.....# #.#.....####.
##.g.## #.###.### #....
#.# #.# ...... ... ...
#...... ##. #### #..#...


You could see a gnoll.

Vanquished Creatures
  Terence (D:2)
  5 gnolls (D:3)
  A worm (D:2)
  2 dart slugs (D:1)
  5 ball pythons
  2 endoplasms (D:1)
  3 giant cockroaches (D:1)
  6 goblins
  2 hobgoblins (D:3)
  4 kobolds
  A quokka (D:3)
  6 bats
  4 rats
42 creatures vanquished.

Notes
Turn   | Place    | Note
-------+----------+-------------------------------------------
     0 | D:1      | Kazon the Hill Orc Fighter began the quest for the Orb.
     0 | D:1      | Reached XP level 1. HP: 19/19 MP: 1/1
   110 | D:1      | Reached XP level 2. HP: 24/27 MP: 2/2
   411 | D:1      | Reached XP level 3. HP: 33/33 MP: 3/3
   515 | D:1      | Found a faded altar of an unknown god.
   770 | D:2      | Noticed Terence
   778 | D:2      | Killed Terence
   830 | D:2      | Reached XP level 4. HP: 40/40 MP: 4/4
  1119 | D:3      | Reached XP level 5. HP: 8/47 MP: 5/5
  1121 | D:3      | Mangled by a gnoll

Illustrated notes

Levels and vault maps discovered:
D:1:      dpeg_arrival_three_smaller_balls, layout_basic,
          shapermc_ecumenical_altar_mp_urbaneastern, minmay_tetromino_t4
D:2:      layout_basic, serial_shops, shop_fountains, uniq_terence
D:3:      layout_loops_ring, serial_shops, nicolae_shop_window_shopping,
          dk_noncrumbling_3, dk_noncrumbling_4

Skill      XL: |  1  2  3  4 |
---------------+-------------+-----
Fighting       | 4 |  4.4
Maces & Flails | 3 |  3.8
Armour         | 4 |  4.3
Dodging        | |  0.1
Shields        | |  3.6

Action                   |  1- 3 |  4- 6 || total
-------------------------+-------+-------++-------
Melee: Flail             |    58 |    46 ||   104
Throw: Dart              |     2 |       ||     2
       Boomerang         |     2 |       ||     2
       Stone             |       |     6 ||     6
Armor: Scale mail        |    22 |       ||    22
       Plate armour      |    15 |    25 ||    40
Dodge: Dodged            |    15 |    12 ||    27
Block: Buckler           |    11 |     9 ||    20

Table legend: (Time is in decaauts)
 A = Elapsed time spent in this place.
 B = Non-inter-level travel time spent in this place.
 C = Inter-level travel time spent in this place.
 D = Time resting spent in this place.
 E = Time spent auto-exploring this place.
 F = Levels seen in this place.
 G = Mean time per level.
                   A        B        C        D        E       F      G
               +--------+--------+--------+--------+--------+-----+--------+
         Total |   1153 |   1113 |     40 |      0 |    436 |   3 |  384.3 |
       Dungeon |   1153 |   1113 |     40 |      0 |    436 |   3 |  384.3 |
               +--------+--------+--------+--------+--------+-----+--------+

Top non-repeatable levels by time:
     D:1: 748 daAuts
     D:2: 326 daAuts
     D:3: 78 daAuts
